[Event "Nakhchivan Open 2022"]
[Site "Nakhchivan"]
[Date "2022.05.09"]
[Round "3.1"]
[White "Lorparizangeneh, Shahin"]
[Black "Khaledi, Omid"]
[Result "1-0"]
[ECO "E73"]
[WhiteElo "2502"]
[BlackElo "2025"]
[Annotator "TA"]
[PlyCount "87"]
[EventDate "2022.05.08"]
[EventType "swiss"]
[EventCountry "AZE"]
[SourceTitle "playchess.com"]
[Source "ChessBase"]
[SourceQuality "1"]
[TimeControl "5400+30"]

1. d4 Nf6 2. c4 g6 3. Nc3 Bg7 4. e4 O-O 5. Be2 d6 6. Bg5 c5 7. d5 e6 8. Qc1 {[%emt 0:02:07] E75: King's Indian: Averbakh Variation: 6...c5 7 d5 e6.} exd5 9. exd5 Qb6 10. Nf3 {[%emt 0:01:42] White is slightly better.} Re8 11. O-O {[%emt 0:03:06] [#]} Bg4 $146 ({Predecessor:} 11... Na6 12. Bd3 Nb4 13. Bb1 Bg4 14. Nd2 Be2 15. Nxe2 Rxe2 16. a3 Na6 17. Bd3 Ree8 {1-0 (80) Zubov,A (2601)-Kryakvin,D (2529) Minsk 2015}) 12. h3 Bxf3 13. Bxf3 Nbd7 14. Qf4 a6 (14... Qxb2 15. Nb5 $16) 15. Rab1 Re5 16. Qg3 Bf8 (16... Qb4 $11) 17. b3 $14 h6 18. Bd2 Qc7 19. Qh4 Kh7 20. Bd1 Ree8 21. Bc2 Ng8 (21... Qa5 $16) 22. g4 $18 Qd8 23. Qg3 b5 24. f4 {[%emt 0:06:00][%cal Bf2f4,Bf4f5][%mdl 32] Strongly threatening f5.} Ra7 {[%emt 0:00:25] Black cannot hold the game after this.} (24... b4 $16 {keeps fighting.}) 25. h4 Bg7 26. g5 Bd4+ {[%emt 0:01:06] [#]} 27. Kh1 $1 {[%emt 0:00:47] And now f5 would win.} h5 (27... Kh8 $142 28. h5 (28. cxb5 Ne7 $16) 28... Ne7) 28. Ne4 Nf8 29. f5 Be5 30. Qf3 Nh6 31. fxg6+ fxg6 32. Nf2 Ng8 (32... Ng4) 33. Qxh5+ Kg7 34. Qg4 Qc8 35. Qg2 Kh8 36. Ng4 Rh7 37. Nh6 {[%emt 0:00:20] Active counter play!} Qd7 $2 (37... Nxh6 {might work better.} 38. gxh6 Rb7) 38. Rf3 Nxh6 39. gxh6 Rf7 40. Rbf1 Rxf3 41. Qxf3 {[%emt 0:00:08] [#] Threatens to win with h5.} ({Less strong is} 41. Rxf3 Rb8 42. Qf1 (42. Bxg6 Nxg6 43. Qxg6 Qh7 $16) 42... Kg8 $18) 41... Nh7 42. Bxg6 Qe7 43. Qe4 Nf6 (43... Rf8 $142 44. Rxf8+ Nxf8) 44. Qf5 {[%emt 0:00:25] Weighted Error Value: White=0.15 (very precise) /Black=0.32} 1-0

[Event "Nakhchivan Open 2022"]
[Site "Nakhchivan"]
[Date "2022.05.09"]
[Round "3.2"]
[White "Novruzov, Emin"]
[Black "Rasulov, Vugar"]
[Result "0-1"]
[ECO "D00"]
[WhiteElo "1981"]
[BlackElo "2445"]
[Annotator "TA"]
[PlyCount "66"]
[EventDate "2022.05.08"]
[EventType "swiss"]
[EventCountry "AZE"]
[SourceTitle "playchess.com"]
[Source "ChessBase"]
[SourceQuality "1"]
[TimeControl "5400+30"]

1. d4 d5 2. Bf4 c5 3. c3 Nc6 4. e3 Nf6 5. Nf3 Qb6 6. Qb3 c4 7. Qxb6 axb6 8. Na3 Na7 {[%emt 0:00:11][%cal Oe7e5] Prevents Nb5. D02: 1 d4 d5 2 Nf3 sidelines, including 2...Nf6 3 g3 and 2...Nf6 3 Bf4.} 9. Bc7 b5 10. Bb6 (10. Be5 $1 $15) 10... e6 $17 {[%emt 0:00:55] Black is better.} 11. Nc2 Nc6 12. Ne5 {[%emt 0:10:42] [#]} Bd6 $146 {[%emt 0:01:22] Against Bc7} ({Predecessor:} 12... Nd7 13. Nxd7 Bxd7 14. Bc7 Be7 15. Be2 O-O 16. Kd2 Rfc8 17. Bg3 Ra7 18. Bf3 Rca8 {1-0 (61) Saldana Caballe,J (2061)-Pique Ferrer,J (1888) Tarragona 2018}) 13. f3 Nxe5 14. dxe5 Bxe5 15. Bc5 {[%emt 0:00:06] Against Bd6} Nd7 16. Bb4 Nb8 17. f4 Bc7 18. Be2 Na6 19. Ba3 b6 20. b4 (20. g4 $142) 20... Nb8 21. Bc1 Nc6 22. Bf3 f5 {[%emt 0:00:33] Black is more active.} 23. Ke2 (23. Nd4 $17 {was necessary.} Nxd4 24. exd4) 23... Bd7 $19 24. Bd2 Ne7 25. g4 (25. Be1 $17) 25... g6 26. h4 (26. g5 $17) 26... fxg4 27. Bxg4 e5 28. Bxd7+ Kxd7 29. fxe5 (29. h5 $142) 29... Bxe5 ({Don't blunder} 29... Nf5 $2 30. e6+ Ke7 31. Be1 $19) 30. Nd4 Bxd4 31. exd4 Nf5 {[%emt 0:00:09] [#] Strongly threatening ...Ng3+.} 32. Bf4 {[%emt 0:00:19] Prevents Ng3+.} Rhe8+ 33. Kf3 (33. Kd2 {is a better defense.} Re4 34. Rhf1) 33... Ra3 {[%emt 0:00:10][%csl LRc3,LRd4] White got outplayed after the opening.  Weighted Error Value: White=0.34/Black=0.12 (very precise)} 0-1

[Event "Nakhchivan Open 2022"]
[Site "Nakhchivan"]
[Date "2022.05.09"]
[Round "3.3"]
[White "Haznedaroglu, Kivanc"]
[Black "Mohammadi, Melika"]
[Result "1-0"]
[ECO "D02"]
[WhiteElo "2425"]
[BlackElo "1885"]
[Annotator "TA"]
[PlyCount "103"]
[EventDate "2022.05.08"]
[EventType "swiss"]
[EventCountry "AZE"]
[SourceTitle "playchess.com"]
[Source "ChessBase"]
[SourceQuality "1"]
[TimeControl "5400+30"]

1. d4 d5 2. Nf3 Nf6 3. g3 e6 4. Bg2 Be7 5. O-O O-O 6. c4 dxc4 7. Ne5 Nc6 8. Nxc6 bxc6 9. Na3 Bxa3 10. bxa3 Ba6 11. Qd2 {[%emt 0:00:08] E05: Open Catalan: 5 Nf3 Be7.} Rb8 12. Qa5 Rb6 (12... Qxd4 $2 13. Be3 Qd6 14. Qxa6 $18) 13. Rd1 {[%emt 0:00:47] [#]} (13. a4 $1 $11) 13... Nd7 $146 ({Black should try} 13... Bb5 $15) ({Predecessor:} 13... Bb5 14. e4 Qe7 15. Bf4 Rc8 16. Qb4 Qxb4 17. axb4 Ra6 18. a3 h6 19. Rdc1 Ra4 {0-1 (53) Dounis,A (2269)-Quintiliano Pinto,R (2469) Chess.com INT 2021}) 14. e4 ({White should play} 14. a4 $11) 14... Bb5 $15 15. Qc3 {[%emt 0:07:41] [#]} Rb8 (15... Nc5 $1 $15) 16. Bf4 Nb6 {[%emt 0:02:05] Prevents d5.} 17. h4 Qe7 18. Qa5 Rb7 19. Rab1 Na4 20. d5 e5 (20... cxd5 $11 {keeps the balance.} 21. Rxb5 Rxb5 22. Qxa4 (22. Qxb5 $2 {is the wrong capture.} Nc3 $19) 22... c6) 21. dxc6 $16 {[%emt 0:01:19] Black is on the road to losing.} Bxc6 {[%emt 0:00:13] [#] White must now prevent ...Rxb1.} 22. Rxb7 Bxb7 23. Bxe5 ({Much weaker is} 23. Qxa4 exf4 24. Qb4 c5 25. Qxc4 fxg3 26. fxg3 g6 $15) 23... Qc5 24. Qxa4 {[%emt 0:00:19] White is more active.} Qxe5 25. Qxc4 Qe7 26. Qa4 Qc5 27. Qb4 Qc6 (27... Qc2 $16 {keeps fighting.} 28. Qb3 Bxe4) 28. Qe7 $18 {[%emt 0:00:56] Threatening mate with Rd8.} h6 29. Rd7 Qc1+ (29... Qc2 {was necessary.} 30. Rxc7 Qd1+ 31. Kh2 Bc8 32. Rxa7 Be6) 30. Kh2 Qb2 31. Rxc7 (31. Rd8 $142 Rxd8 32. Qxd8+ Kh7 33. Qxc7) 31... Ba6 (31... Bc8 $142 32. Qc5 (32. Rxa7 Be6 $16) 32... Be6 33. Qxa7 (33. Rxa7 Rc8 $14) 33... Qxa2) 32. Rxa7 Bc4 (32... Qb6 $142 33. Qc7 Qxc7 34. Rxc7 Rb8) 33. Qc5 Qxa2 34. e5 Rd8 35. Ra8 Rxa8 36. Bxa8 {[%emt 0:00:02][%mdl 4096] Endgame KQB-KQB} Be6 37. Bc6 Bb3 38. Be4 g6 39. Kg2 h5 40. Bc6 Qe2 41. Qd4 Qc2 $2 (41... Qa6) 42. Bd5 {[%emt 0:00:35] White is clearly winning.} Bxd5+ 43. Qxd5 {[%emt 0:00:02] And now e6 would win. KQ-KQ} Qa4 44. e6 fxe6 45. Qxe6+ Kg7 46. Qe7+ Kg8 47. Qf6 Qe4+ 48. Kh2 Kh7 49. Qf7+ Kh8 50. Qa7 (50. Qf4 $142 Qc6 51. Qf8+ Kh7 52. Qf7+ Kh8 53. Qa7) 50... Qe5 51. Qe3 Qa1 52. Qh6+ {[%emt 0:00:06] Weighted Error Value: White=0.20 (precise) /Black=0.40} 1-0

[Event "Nakhchivan Open 2022"]
[Site "Nakhchivan"]
[Date "2022.05.09"]
[Round "3.4"]
[White "Hajiyev, Shahin"]
[Black "Mammadov, Zaur"]
[Result "0-1"]
[ECO "B13"]
[WhiteElo "1964"]
[BlackElo "2410"]
[Annotator "TA"]
[PlyCount "110"]
[EventDate "2022.05.08"]
[EventType "swiss"]
[EventCountry "AZE"]
[SourceTitle "playchess.com"]
[Source "ChessBase"]
[SourceQuality "1"]
[TimeControl "5400+30"]

1. e4 c6 2. d4 d5 3. exd5 cxd5 4. Bd3 Nc6 5. c3 Nf6 6. Bf4 Bg4 7. f3 Bh5 8. Ne2 e6 {[%emt 0:00:07] B13: Caro-Kann: Exchange Variation and Panov-Botvinnik Attack.} 9. O-O Bd6 10. Re1 Bg6 {[%emt 0:00:23] The position is equal.} 11. Bxd6 Qxd6 12. Na3 a6 13. Nc2 {[%emt 0:01:09] [#]} O-O $146 ({Predecessor:} 13... b5 14. Ng3 Ne7 15. a4 bxa4 16. Rxa4 h5 17. Qe2 h4 18. Nf1 a5 19. Rea1 Bxd3 20. Qxd3 {0-1 (47) Howard,C (1728)-Castillo,R (1965) Bridgetwon 2013}) 14. Bxg6 hxg6 15. Qd2 b5 16. Nf4 Rfc8 17. Nd3 Nd7 18. Rad1 a5 19. a3 Nb6 20. Qf2 Nc4 21. b3 Nb6 (21... Nxa3 $2 22. Nxa3 b4 23. cxb4 $18 (23. Nb5 Qb8 $18)) 22. Ne3 b4 23. axb4 axb4 24. c4 dxc4 ({Don't play} 24... Nxd4 25. Nxd5 $1 exd5 26. Qxd4 $16) 25. bxc4 Qxd4 26. Nxb4 $1 Qc3 27. Nxc6 Rxc6 28. Qh4 Qf6 (28... Rf8 {feels hotter.} 29. h3 Qb4 30. Rb1 Qd2) 29. Qxf6 (29. Qe4 $11 Rac8 30. Rd4) 29... gxf6 $17 30. Re2 f5 31. g3 Ra3 32. Rc1 g5 33. Kf2 Nd7 34. Rec2 Ne5 35. Rc3 Nd3+ 36. Kf1 Rca6 {[%emt 0:00:23] Black is much more active.} 37. Rxa3 Rxa3 {[%emt 0:00:02][%mdl 4096] Endgame KRN-KRN} 38. Rc2 Ne5 39. Ke2 {[%emt 0:02:14] White does not recover from this.} (39. f4 $17 gxf4 40. gxf4) 39... f4 $19 40. gxf4 (40. Nd1 $142) 40... gxf4 41. Nd1 Nxf3 {[%emt 0:15:12] aiming for ...Nd4+.} ({Weaker is} 41... Rxf3 42. c5 $11) 42. Rc3 $2 {[%emt 0:00:42] [#]} (42. Rc1) 42... Rxc3 $1 ({Inferior is} 42... Nd4+ 43. Kd3 Rxc3+ 44. Nxc3 $11) 43. Nxc3 Nxh2 {[%emt 0:00:04] KN-KN} 44. Ne4 f3+ 45. Kf2 Ng4+ 46. Kxf3 Ne5+ 47. Kf4 (47. Ke3 $142 Nxc4+ 48. Kd4) 47... Nxc4 48. Kg5 Kg7 49. Nf6 Nb6 50. Nh5+ Kf8 51. Kf6 Nd7+ 52. Kg5 Ke7 53. Nf4 Kd6 54. Nd3 f6+ 55. Kg6 Ne5+ {[%emt 0:00:07] Weighted Error Value: White=0.49/Black=0.05 (flawless)} 0-1

[Event "Nakhchivan Open 2022"]
[Site "Nakhchivan"]
[Date "2022.05.09"]
[Round "3.5"]
[White "Shahaliyev, Ismayil"]
[Black "Israilov, Agil"]
[Result "1-0"]
[ECO "A45"]
[WhiteElo "2386"]
[BlackElo "1876"]
[Annotator "TA"]
[PlyCount "65"]
[EventDate "2022.05.08"]
[EventType "swiss"]
[EventCountry "AZE"]
[SourceTitle "playchess.com"]
[Source "ChessBase"]
[SourceQuality "1"]
[TimeControl "5400+30"]

1. d4 Nf6 2. Nc3 d5 3. Bf4 g6 4. Nb5 Na6 5. e3 Bg7 6. Nf3 {[%emt 0:01:56] D00: 1 d4 d5: Unusual lines.} O-O {[%emt 0:01:41] 6...0-0 is better than 6...c6.} 7. h3 c6 (7... Ne4 {is interesting.} 8. Be2 c6 9. Na3 f6) 8. Nc3 {[%emt 0:00:32] The position is equal.} Qb6 9. Rb1 Bf5 10. Bd3 Bxd3 11. cxd3 c5 12. Be5 e6 {[%emt 0:03:46] [#]} 13. dxc5 $146 ({Predecessor:} 13. O-O Nd7 14. dxc5 Naxc5 15. Bxg7 Kxg7 16. b4 Na6 17. Qa4 Qc6 18. Qb3 Nc7 19. Rfc1 {1-0 (39) Bosiocic,M (2589)-Hill,A (2192) Helsingor 2018}) 13... Nxc5 14. O-O Ne8 15. b4 {[%emt 0:02:48] Hoping for Bxg7.} Nd7 16. Bxg7 Nxg7 17. Qa4 Rfd8 18. Rfc1 Nf5 19. Qb3 Rac8 20. Na4 Qd6 21. e4 (21. Nc5 $5 Rc7 22. Qb2 $14) 21... Rxc1+ (21... Ne7 {with more complications.} 22. Nc5 Qf4 23. exd5 Nxd5 24. Rc4 Qb8) 22. Rxc1 dxe4 23. dxe4 {[%emt 0:00:07] Strongly threatening Rd1.} Nd4 $2 {[%emt 0:01:06][%mdl 8192] This costs Black the game.} (23... Ne7 $11 {and Black has nothing to worry.}) 24. Nxd4 $1 $18 Qxd4 25. Rd1 Qf6 {[%emt 0:00:29] [#]} 26. Qd3 $1 {[%emt 0:01:57] Black must now prevent Nc5.} b6 {[%emt 0:00:22] [#] Prevents Nc5.} 27. Qd6 Kg7 28. Qc7 Qe7 29. Nc3 Kf8 30. Nb5 {[%emt 0:00:27] White is clearly winning.} a6 (30... Kg7 $142 31. Nxa7 (31. Qxa7 Nf6 $16) 31... Nf6 32. Qxd8 (32. Qxe7 Rxd1+ 33. Kh2 Rd7 $16) 32... Qxa7) 31. Na7 {[%emt 0:02:46] Threatens to win with Nc6.} Qe8 32. a4 {[%emt 0:00:37] Inhibits b5.} h5 33. b5 {[%emt 0:00:19] Weighted Error Value: White=0.05 (flawless) /Black=0.42} 1-0

[Event "Nakhchivan Open 2022"]
[Site "Nakhchivan"]
[Date "2022.05.09"]
[Round "3.6"]
[White "Yeganegi, Barad"]
[Black "Gasimov, Parviz"]
[Result "1/2-1/2"]
[ECO "D35"]
[WhiteElo "1819"]
[BlackElo "2331"]
[Annotator "TA"]
[PlyCount "77"]
[EventDate "2022.05.08"]
[EventType "swiss"]
[EventCountry "AZE"]
[SourceTitle "playchess.com"]
[Source "ChessBase"]
[SourceQuality "1"]
[TimeControl "5400+30"]

1. d4 d5 2. c4 e6 3. Nc3 Nf6 4. cxd5 exd5 5. Bg5 c6 6. e3 Be7 7. Bd3 Nbd7 8. Qc2 h6 9. Bh4 Nh5 10. Bxe7 Qxe7 11. Nge2 Nb6 12. O-O {[%emt 0:04:01] D36: Queen's Gambit Declined: Exchange Variation: Main line (5 Bg5 c6 6 Qc2).} O-O 13. Rae1 Bd7 14. Nc1 {[%emt 0:17:07] White has an edge.} Rae8 15. Nb3 Bc8 16. Nc5 Nd7 {[%emt 0:03:39] [#]} 17. Nxd7 $146 ({Predecessor:} 17. b4 b6 18. Nxd7 Qxd7 19. b5 Bb7 20. bxc6 Bxc6 21. Rc1 Nf6 22. a4 g6 23. a5 bxa5 {½-½ (60) Lashkin,J (2304)-Juksta,K (2310) Corum 2019}) 17... Bxd7 18. b4 Nf6 ({Resist} 18... Qxb4 19. Rb1 Qa5 20. Rxb7 $16) 19. a3 Qd6 20. h3 b5 21. Ne2 Rc8 22. Ng3 Rc7 23. Qc3 Be6 24. Rc1 Rcc8 25. e4 (25. a4 $14) 25... dxe4 $11 26. Nxe4 Nxe4 27. Bxe4 Bc4 28. Bd3 Bd5 29. Rfe1 Rfe8 30. Rxe8+ Rxe8 31. Re1 Re6 32. Bf5 Rxe1+ 33. Qxe1 {[%emt 0:00:01][%mdl 4096] [#] Endgame Threatens to win with Qe8+. KQB-KQB} g6 34. Bd3 Kg7 35. Qe5+ Qxe5 36. dxe5 g5 37. f3 Kf8 (37... f6 $11) 38. Kf2 $16 Ke7 {[%emt 0:00:01] [#]} 39. g3 $1 {[%emt 0:00:31] Weighted Error Value: White=0.07 (flawless) /Black=0.15 (very precise)} 1/2-1/2

[Event "Nakhchivan Open 2022"]
[Site "Nakhchivan"]
[Date "2022.05.10"]
[Round "4.1"]
[White "Babayev, Talib"]
[Black "Lorparizangeneh, Shahin"]
[Result "1/2-1/2"]
[ECO "B90"]
[WhiteElo "2218"]
[BlackElo "2502"]
[Annotator "TA"]
[PlyCount "175"]
[EventDate "2022.05.08"]
[EventType "swiss"]
[EventCountry "AZE"]
[SourceTitle "playchess.com"]
[Source "ChessBase"]
[SourceQuality "1"]
[TimeControl "5400+30"]

1. e4 c5 2. Nf3 d6 3. d4 cxd4 4. Nxd4 Nf6 5. Nc3 a6 6. h4 {[%emt 0:00:08] B90: Sicilian Najdorf: Unusual White 6th moves, 6 Be3 Ng4 and 6 Be3 e5.} h6 7. Be2 e5 8. Nb3 Be6 9. f4 b5 10. f5 {[%emt 0:07:55] [#]} Bd7 $146 ({Predecessor:} 10... Bc8 11. a4 b4 12. Nd5 Bb7 13. Nxf6+ Qxf6 14. Bf3 Nc6 15. Be3 g5 16. fxg6 Qxg6 {1-0 (74) Steinberg,N (2537)-Fedoseev,V (2704) Chess.com INT 2022}) 11. Be3 b4 12. Nd5 Nxd5 (12... Nxe4 $2 13. Bb6 Qc8 14. Nc7+ Ke7 15. Nxa8 $18) 13. Qxd5 Bc6 14. Qc4 Be7 15. Qxb4 ({White should try} 15. O-O-O $14) 15... a5 $11 16. Qc4 Bxh4+ 17. Kf1 Bg5 18. Bxg5 (18. Rh3 $5 ) 18... Qxg5 19. Rd1 a4 20. Nd2 Qf4+ 21. Bf3 $1 O-O 22. g3 (22. Kf2 $11 Qg5 23. Nf1) 22... Qe3 ({Better is} 22... Qxg3 $17 23. Ke2 Ra5) 23. Kg2 {[%emt 0:02:29] next Nf1 is good for White.} Ra5 24. Nf1 Qb6 {[%emt 0:00:52] [#]} (24... Qc5 $11 {remains equal.} 25. Qxc5 Rxc5) 25. Rxd6 ({White should play} 25. f6 $1 $16) 25... Rc5 $1 26. Qd3 Qxb2 27. Ne3 $36 {[%emt 0:00:15][%mdl 2048] And now f6 would win. White has some pressure.} Nd7 {[%emt 0:09:26] [#] Against f6} 28. Rxc6 $1 $16 Rxc6 29. Qxd7 Rc3 {[%emt 0:00:05] [#]} 30. Re1 {[%emt 0:03:19] Strongly threatening f6.} (30. Qd2 $6 Rfc8 31. Qd7 Qxa2 $11) 30... Rfc8 $2 (30... Qxa2 $16 {was worth a try.} 31. f6 g6) 31. Re2 $18 ({Stronger than} 31. Qxa4 Rxc2+ 32. Nxc2 Rxc2+ 33. Be2 Rxe2+ 34. Rxe2 Qxe2+ 35. Kh3 Kh7 $11) 31... R3c7 32. Qxa4 Kh7 33. f6 Qd4 34. Qxd4 (34. Qb5 $18 {is more deadly.}) 34... exd4 $16 35. Nf5 Rxc2 36. Nxd4 Rxe2+ 37. Bxe2 Ra8 38. e5 (38. fxg7 $16 {aiming for Nf5.} Rxa2 39. Kf3) 38... gxf6 $1 $11 39. Bd3+ Kg8 {[%emt 0:00:05] Hoping for ...Rd8.} 40. Nc2 ({Don't blunder} 40. exf6 $2 Rd8 41. Kf3 Rxd4 $19) (40. Bc4 $14) 40... Rxa2 {[%emt 0:01:02] The position is equal.} 41. exf6 Rb2 42. Kf3 Rb6 43. Ne3 Rxf6+ 44. Nf5 Rb6 45. Kg4 Kf8 46. Kh5 Rg6 47. g4 Rg5+ 48. Kh4 Rg6 49. Bf1 Rb6 50. Bh3 Ra6 51. Kh5 Ra3 52. Kh4 Ra6 53. Bg2 Ra2 54. Bd5 Ra5 55. Bc4 Ra4 56. Bb5 Ra5 57. Nd4 Ra2 58. Bc6 Ra5 59. Nf5 (59. Bg2 $5 ) 59... Ra6 60. Bf3 Ra3 61. Kg3 Ra6 62. Kf4 Rb6 63. Ke5 Re6+ 64. Kd4 Rf6 65. Ke5 Re6+ 66. Kf4 Rb6 67. Be4 Ra6 68. Ng3 Rb6 69. Ke5 Re6+ 70. Kf5 Rg6 71. Bf3 Rg5+ 72. Kf4 Ra5 73. Be4 Ra6 ({But not} 73... Ra4 74. Nf5 $14) 74. Nh5 Ke7 75. Ke5 Ra5+ 76. Bd5 Ra6 77. Nf4 Ra5 78. Ne2 Ra6 79. Nd4 Rg6 80. Bf3 Kf8 81. Nc6 Rg5+ 82. Kf6 {[%emt 0:00:29] Black must now prevent Ne5.} Rg6+ 83. Kf5 Rg5+ 84. Kf4 Rb5 85. Ne5 Kg7 86. Bc6 Rc5 {[%emt 0:01:11] ...f6 is the strong threat.} 87. Be8 Rc8 88. Bxf7 {[%emt 0:02:23] Blacks defense is rewarded with a draw.  Weighted Error Value: White=0.20 (precise) /Black=0.19 (very precise)} 1/2-1/2

[Event "Nakhchivan Open 2022"]
[Site "Nakhchivan"]
[Date "2022.05.10"]
[Round "4.3"]
[White "Jafarli, Babak"]
[Black "Haznedaroglu, Kivanc"]
[Result "1/2-1/2"]
[ECO "A01"]
[WhiteElo "2181"]
[BlackElo "2425"]
[Annotator "TA"]
[PlyCount "76"]
[EventDate "2022.05.08"]
[EventType "swiss"]
[EventCountry "AZE"]
[SourceTitle "playchess.com"]
[Source "ChessBase"]
[SourceQuality "1"]
[TimeControl "5400+30"]

1. b3 d5 2. Bb2 Bf5 3. e3 Nd7 4. f4 e6 5. Nf3 Ngf6 6. Be2 h6 {[%emt 0:01:24] A03: Bird's Opening with 1...d5.} 7. O-O Bd6 8. Ne5 Qe7 {[%emt 0:02:18] The position is equal.} 9. c4 c6 10. d3 Bc5 11. d4 {[%emt 0:01:16] [#] And now Nxd7 would win.} Bd6 $146 ({Predecessor:} 11... Bb4 12. c5 Ne4 13. a3 Ba5 14. b4 Bc7 15. Nxd7 Kxd7 16. Nd2 g5 17. Nxe4 Bxe4 {½-½ (41) Aigner,M-Nelson,D California 1994}) 12. Nd2 g5 13. c5 Bxe5 14. fxe5 Ne4 15. Nxe4 Bxe4 16. Bd3 Bxd3 17. Qxd3 O-O 18. e4 dxe4 19. Qxe4 f5 20. exf6 Nxf6 21. Qd3 {[%emt 0:00:25][%cal Od4d5] Strongly threatening d5!} Qh7 $1 22. Qh3 Rae8 23. Rae1 Nd5 24. Rxf8+ Kxf8 25. Bc1 {[%emt 0:00:06][%cal Oc1g5] Black must now prevent Bxg5!} Qg6 26. Qg4 Kg7 27. h4 gxh4 28. Qxh4 Kh7 29. Qh3 Nf6 30. Rxe6 Rxe6 31. Qxe6 $14 {[%emt 0:00:06][%mdl 4096] Endgame KQB-KQN} Nd5 32. Qd7+ Qg7 33. Qf5+ Qg6 34. Qf3 Qf6 {[%emt 0:00:23] [#]} ({Better is} 34... Nf6 $14) 35. Qg4 ({White must play} 35. Qxf6 $1 $18 {Qf7+ would kill now.} Nxf6 36. Kf2) 35... Qg6 36. Qh3 h5 37. Qd7+ Qg7 38. Qf5+ Qg6 {[%emt 0:00:03] Weighted Error Value: White=0.07 (flawless) /Black=0.09 (flawless)} 1/2-1/2

[Event "Nakhchivan Open 2022"]
[Site "Nakhchivan"]
[Date "2022.05.10"]
[Round "4.4"]
[White "Mammadov, Zaur"]
[Black "Hasanov, Rashad"]
[Result "0-1"]
[ECO "C42"]
[WhiteElo "2410"]
[BlackElo "2142"]
[Annotator "TA"]
[PlyCount "98"]
[EventDate "2022.05.08"]
[EventType "swiss"]
[EventCountry "AZE"]
[SourceTitle "playchess.com"]
[Source "ChessBase"]
[SourceQuality "1"]
[TimeControl "5400+30"]

1. e4 e5 2. Nf3 Nf6 3. Nc3 Bb4 4. Bd3 O-O 5. O-O Re8 6. a3 {[%emt 0:05:38] [#] C42: Petroff Defence: 3 Nxe5 and unusual White 3rd moves.} Bxc3 $146 ({Predecessor:} 6... Ba5 7. b4 Bb6 8. Bc4 Nxe4 9. Nxe4 d5 10. Bxd5 Qxd5 11. d3 Bg4 12. Be3 Bxe3 13. fxe3 {0-1 (40) Garcia Mina,A-Gutierrez Bustillo,D Zarauz 2004}) 7. dxc3 ({Much worse is} 7. bxc3 d5 8. Re1 Nbd7 $15) 7... d5 8. Bg5 {[%emt 0:05:00] The position is equal.} dxe4 9. Bxf6 {[%emt 0:00:15][%mdl 64] [#] Remove Defender} Qxf6 10. Bxe4 Nd7 11. b4 {[%emt 0:03:45] Inhibits Nc5.} Qf4 12. Re1 Nf6 13. g3 Qh6 14. Qd3 Nxe4 15. Qxe4 f6 16. Qc4+ Be6 17. Qxc7 Rac8 18. Qxb7 Rxc3 19. Nh4 g5 20. Ng2 Qg7 $1 21. Qb5 Qd7 22. Qxd7 Bxd7 23. Ne3 Be6 {[%emt 0:01:58] Prevents Nd5.} 24. Red1 Kf7 25. g4 {[%emt 0:02:17] Prevents f5.} h5 $1 26. h3 hxg4 27. hxg4 Rh8 28. Kg2 Bc8 29. Kg3 f5 30. gxf5 Bxf5 31. Kf3 Rh3+ 32. Ke2 Be4 (32... Bxc2 $11 {remains equal.} 33. Rd7+ Ke6 34. Rxa7 Be4) 33. Rd7+ ({Better is} 33. Kd2 $16 Rc6 34. Rg1) 33... Ke6 $11 34. Rxa7 {[%emt 0:00:35][%mdl 8192] [#] Black converts the advantage convincingly.} (34. Rdd1 $1 $11 {and White stays safe.}) 34... Rcxe3+ $1 $19 35. fxe3 $11 {[%emt 0:01:17][%mdl 4096] Endgame KRR-KRB} Rh2+ 36. Kd1 Rh1+ {[%emt 0:00:04][%mdl 64] Skewer} 37. Kd2 Rxa1 $19 {[%emt 0:00:05] KRB-KR} 38. c4 g4 {[%emt 0:00:38] ( -> ...g3)} 39. Rg7 Bf3 {[%emt 0:00:34] ...Ra2+ is the strong threat.} 40. b5 Rxa3 41. b6 Ra8 42. c5 Kf6 {[%emt 0:00:46] Black mates.} 43. Rh7 Rd8+ 44. Kc3 Kg6 45. Rh2 g3 46. Rh3 g2 47. Rg3+ Kh5 48. Kb4 Kh4 49. Rg7 Bg4 {[%emt 0:00:17] Weighted Error Value: White=0.64/Black=0.07 (flawless)} 0-1